 Dungeon Crawl Stone Soup version 0.29.0-4-gdea44cf6ec (webtiles) character file.

Game seed: 10812773801720133031

3115 qw the Cleaver (level 9, -22/54 HPs)
             Began as a Tengu Warper on Aug 28, 2022.
             Was a Priest of Okawaru.
             Annihilated by a boulder beetle (24 damage)
             ... on level 7 of the Dungeon.
             The game lasted 00:00:47 (7603 turns).

qw the Cleaver (Tengu Warper)                       Turns: 7603, Time: 00:00:47

Health: -22/54     AC: 14    Str: 17    XL:     9   Next: 91%
Magic:  12/13      EV: 12    Int: 16    God:    Okawaru [***...]
Gold:   473        SH:  0    Dex: 13    Spells: 12/12 levels left

rFire   + . .      SeeInvis +   f - +3 war axe of Context {speed, Int+3}
rCold   . . .      Faith    .   (no shield)
rNeg    . . .      Spirit   .   d - +0 chain mail
rPois   .          Reflect  .   (helmet restricted)
rElec   .          Harm     .   a - +2 cloak
rCorr   .          Rampage  .   (no gloves)
Will    .....                   (boots unavailable)
Stlth   ..........              (no amulet)
HPRegen 0.18/turn               g - ring of protection from fire
MPRegen 0.13/turn               q - ring of see invisible

@: heroic, flying quickly and evasively, quick
A: beak, talons 3, nimble flight
a: Renounce Religion, Heroism


You were on level 7 of the Dungeon.
You worshipped Okawaru.
Okawaru was most pleased with you.
You visited 2 branches of the dungeon, and saw 8 of its levels.

You collected 473 gold pieces.


Innate Abilities, Weirdness & Mutations

You have a beak for a mouth.
You have claws for feet.
Your magical nature lets you fly swiftly and evasively.


   Skills:
 - Level 5.1(10.1) Fighting
 + Level 11.6(16.6) Axes
 - Level 3.1(8.1) Throwing
 - Level 4.1(9.1) Armour
 - Level 3.1(8.1) Dodging
 - Level 2.0 Spellcasting
 - Level 2.4 Translocations
 - Level 4.0 Invocations


You had 12 spell levels left.
You didn't know any spells.
Your spell library contained the following spells:

 Spells                   Type           Power      Damage    Failure   Level
 Blink                    Tloc           18%        N/A       77%         2
 Gell's Gravitas          Tloc           9%         N/A       94%         3
 Lesser Beckoning         Tloc           9%         N/A       94%         3
 Teleport Other           Tloc           9%         N/A       94%         3
 Manifold Assault         Tloc           9%         N/A       100%        5

Inventory:

Hand Weapons
 b - a +0 morningstar
 f - the +3 war axe of Context (weapon) {speed, Int+3}
   (You found it on level 4 of the Dungeon)

   Attacks with this weapon are significantly faster.
   Int:       It affects your intelligence (+3).
Missiles
 k - 2 boomerangs
 p - 6 javelins (quivered)
Armour
 a - a +2 cloak (worn)
 d - a +0 chain mail (worn)
Jewellery
 g - a ring of protection from fire (left hand)
 n - a ring of fire
 q - a ring of see invisible (right hand)
Scrolls
 c - 2 scrolls of identify
 m - a scroll of enchant armour
Potions
 e - 2 potions of brilliance {unknown}
 h - a potion of cancellation
 i - a potion of magic
 j - a potion of haste
 l - a potion of berserk rage {unknown}
 o - 4 potions of resistance
 r - a potion of ambrosia {unknown}
 t - a potion of attraction {unknown}

Dungeon Overview and Level Annotations

Branches:
Dungeon (7/15)             Temple (1/1) D:6

Altars:
Cheibriados
Dithmenos
Elyvilon
Gozag
Hepliaklqana
Kikubaaqudgha
Makhleb
Okawaru
Qazlal
Sif Muna
Trog
Uskayaw
Vehumet
Wu Jian
Xom
Zin
The Shining One

Shops:
D:1 !   D:4 :

Annotations:
D:4 2 transporters
D:5 1 runed translucent door, Crazy Yiuf


Message History

The boulder beetle is lightly wounded.
You hit the shadow imp. You hit the black bear.
The boulder beetle bites you but does no damage.
You hit the boulder beetle but do no damage.
You claw the boulder beetle, but do no damage.
You peck the boulder beetle.
The boulder beetle is lightly wounded.
You closely miss the shadow imp. You slash the black bear!
The black bear bites you. The black bear closely misses you.
The black bear claws you but does no damage.
The shadow imp hits you but does no damage.
You completely miss the black bear. You claw the black bear!
The black bear is severely wounded.
You hit the shadow imp.
You hit the boulder beetle but do no damage.
The boulder beetle bites you!!
You barely miss the black bear. Your peck misses the black bear.
The black bear is severely wounded.
You hit the shadow imp but do no damage.
You hit the boulder beetle but do no damage.
The black bear goes berserk!
The shadow imp barely misses you.
You slash the black bear!
You kill the black bear!
Okawaru accepts your kill.
Okawaru will now gift you throwing weapons as you gain piety.
You slash the shadow imp!
You kill the shadow imp!
Okawaru accepts your kill.
You hit the boulder beetle. The boulder beetle bites you!
7601 ||| DRINKING potion of heal wounds.
You feel much better. The boulder beetle bites you!!
You hit the boulder beetle.
You claw the boulder beetle, but do no damage.
The boulder beetle is moderately wounded.
You slash the boulder beetle!
The boulder beetle is moderately wounded.
The boulder beetle bites you!!
You die...

#....####.....####...#####
###....#..##...##..#..###...
#..##..#...##.##...#.####..#
##.....##..)#.#)).##...##..#
##.....##))#)#'.##...###..# #
##.......###)..###.......... #
####............8........#.....
###.#.........###...###...#./.##.
.............##.@#.#')##....###..
............##.B.#.#.).##...#...#
#...........#...##.##...#.####..#
##...##.....#?.##...##.:#.# #..#
#...##.....####.....####.####..#
#)..#.........................##
#.............##.......#....###
##...........####.....##....#
##........#...............##


You could see a boulder beetle.

Vanquished Creatures
  Pikel (D:6)
  Grinder (D:6)
  Eustachio (D:5)
  Edmund (D:6)
  A water moccasin (D:5)
  An orc warrior (D:7)
  A black bear (D:7)
  2 sky beasts
  5 centaurs
  A lemure (D:6)
  A kobold brigand (D:7)
  A gnoll sergeant (D:7)
  3 scorpions
  A bullfrog (D:7)
  2 necrophages
  5 wights
  6 orc priests
  3 jellies
  A gnoll bouda (D:7)
  4 orc wizards
  10 adders
  2 shadow imps
  3 white imps
  A worm (D:5)
  2 dart slugs
  12 orcs
  6 endoplasms
  3 giant cockroaches
  2 goblins
  5 hobgoblins
  5 jackals
  A quokka (D:3)
  10 ball pythons
  5 bats
  3 frilled lizards
  15 kobolds
  8 rats
135 creatures vanquished.

Notes
Turn   | Place    | Note
-------+----------+-------------------------------------------
     0 | D:1      | qw the Tengu Warper began the quest for the Orb.
     0 | D:1      | Reached XP level 1. HP: 12/12 MP: 4/4
     0 | D:1      | 0 ||| qw: Version: 0.1-a-89-g26bdef1
     0 | D:1      | 0 ||| qw: Game counter: 1930
     0 | D:1      | 0 ||| qw: Always use a shield: true
     0 | D:1      | 0 ||| qw: God list: Okawaru
     0 | D:1      | 0 ||| qw: Allow faded altars: false
     0 | D:1      | 0 ||| qw: Do Orc after D:15 true
     0 | D:1      | 0 ||| qw: Do second Lair branch before Depths: true
     0 | D:1      | 0 ||| qw: Lair rune preference: random
     0 | D:1      | 0 ||| qw: Plans: Normal
     0 | D:1      | 0 ||| PLANNING D:1-11
    32 | D:1      | Found Jinus's Distillery.
    38 | D:1      | 38 ||| SHOPLISTING 2 potions of curing (60 gold, have 17).
    38 | D:1      | 38 ||| SHOPLISTING potion of cancellation (80 gold, have
                  | 17).
    38 | D:1      | 38 ||| SHOPLISTING potion of haste (100 gold, have 17).
    38 | D:1      | 38 ||| SHOPLISTING potion of heal wounds (50 gold, have
                  | 17).
   279 | D:1      | 279 ||| Stepping ~*~*~tactically~*~*~ (stealth).
   281 | D:1      | 281 ||| Stepping ~*~*~tactically~*~*~ (stealth).
   285 | D:1      | 285 ||| Stepping ~*~*~tactically~*~*~ (stealth).
   305 | D:1      | Reached XP level 2. HP: 17/17 MP: 6/6
   306 | D:1      | Reached skill level 3 in Axes
   311 | D:1      | 311 ||| Stepping ~*~*~tactically~*~*~ (stealth).
   327 | D:1      | 327 ||| Stepping ~*~*~tactically~*~*~ (stealth).
   328 | D:1      | 328 ||| Stepping ~*~*~tactically~*~*~ (stealth).
   727 | D:1      | 727 ||| Stepping ~*~*~tactically~*~*~ (stealth).
   740 | D:1      | 740 ||| Stepping ~*~*~tactically~*~*~ (stealth).
   755 | D:1      | 755 ||| Stepping ~*~*~tactically~*~*~ (stealth).
  1204 | D:1      | 1204 ||| UPGRADING to +0 ring mail.
  1214 | D:1      | 1214 ||| DROPPING +0 leather armour.
  1215 | D:1      | 1215 ||| UPGRADING to ring of protection from fire.
  1216 | D:1      | 1216 ||| READING scroll labelled HEVVAYRUDI.
  1217 | D:1      | 1217 ||| READING scroll labelled LOG HARULIROO.
  1220 | D:1      | 1220 ||| DROPPING scroll of blinking.
  1255 | D:2      | Reached XP level 3. HP: 21/21 MP: 7/7
  1358 | D:2      | Found a shimmering altar of Xom.
  1363 | D:2      | 1363 ||| Stepping ~*~*~tactically~*~*~ (hiding).
  1491 | D:2      | Reached skill level 4 in Axes
  1778 | D:2      | 1778 ||| DROPPING +0 club.
  1923 | D:2      | 1923 ||| UPGRADING to +2 cloak.
  1928 | D:2      | 1928 ||| READING scroll labelled YMUDUO GANEL.
  1929 | D:2      | 1929 ||| READING 3 scrolls labelled ULIGYG ATYESCH.
  1930 | D:2      | 1930 ||| READING scroll labelled HATOEH KEVOD.
  1931 | D:2      | 1931 ||| READING scroll labelled UBUJIENISTRO.
  1932 | D:2      | 1932 ||| READING scroll labelled HODWEI JOUSIOG.
  1933 | D:2      | 1933 ||| READING 2 scrolls of identify.
  1933 | D:2      | 1933 ||| IDENTIFYING viscous silvery potion
  1934 | D:2      | 1934 ||| DROPPING potion of lignification.
  1962 | D:3      | 1962 ||| Stepping ~*~*~tactically~*~*~ (stealth).
  1963 | D:3      | 1963 ||| Stepping ~*~*~tactically~*~*~ (stealth).
  1977 | D:3      | 1977 ||| Stepping ~*~*~tactically~*~*~ (stealth).
  2069 | D:3      | Identified the +9 long sword of the Scroll {holy, rElec rC+
                  | Dex-4}
  2265 | D:3      | 2265 ||| Stepping ~*~*~tactically~*~*~ (stealth).
  2379 | D:3      | 2379 ||| Stepping ~*~*~tactically~*~*~ (stealth).
  2404 | D:3      | 2404 ||| Stepping ~*~*~tactically~*~*~ (stealth).
  2417 | D:3      | Reached XP level 4. HP: 25/26 MP: 8/8
  2648 | D:3      | 2648 ||| UPGRADING to +0 chain mail.
  2658 | D:3      | 2658 ||| DROPPING +0 ring mail.
  2659 | D:3      | 2659 ||| READING 3 scrolls of identify.
  2659 | D:3      | 2659 ||| IDENTIFYING bubbling yellow potion
  2660 | D:3      | 2660 ||| READING 2 scrolls of identify.
  2660 | D:3      | 2660 ||| IDENTIFYING white potion
  2661 | D:3      | 2661 ||| DROPPING potion of magic.
  2691 | D:4      | Noticed a scorpion
  2703 | D:4      | Killed a scorpion
  2704 | D:4      | Reached skill level 5 in Axes
  2704 | D:4      | Gained mutation: Your magical nature lets you fly swiftly
                  | and evasively. [Tengu growth]
  2704 | D:4      | Reached XP level 5. HP: 27/30 MP: 9/9
  2787 | D:4      | 2787 ||| Stepping ~*~*~tactically~*~*~ (hiding).
  2839 | D:4      | 2839 ||| Stepping ~*~*~tactically~*~*~ (stealth).
  2857 | D:4      | 2857 ||| DROPPING +0 flail.
  2910 | D:4      | Identified the +3 war axe of Context {speed, Int+3}
  2912 | D:4      | 2912 ||| SWAPPING to +3 war axe of Context {speed, Int+3}.
  2913 | D:4      | 2913 ||| DROPPING +0 hand axe.
  2936 | D:4      | Found Usuwior's Self-Improvement Boutique.
  2937 | D:4      | 2937 ||| FLEEEEING.
  2938 | D:4      | 2938 ||| FLEEEEING.
  2939 | D:4      | 2939 ||| FLEEEEING.
  2943 | D:4      | 2943 ||| FLEEEEING.
  2944 | D:4      | 2944 ||| FLEEEEING.
  2948 | D:4      | 2948 ||| FLEEEEING.
  2949 | D:4      | 2949 ||| FLEEEEING.
  2950 | D:4      | 2950 ||| FLEEEEING.
  2951 | D:4      | 2951 ||| FLEEEEING.
  2962 | D:4      | 2962 ||| FLEEEEING.
  2963 | D:4      | 2963 ||| FLEEEEING.
  2969 | D:4      | 2969 ||| FLEEEEING.
  2970 | D:4      | 2970 ||| FLEEEEING.
  2971 | D:4      | 2971 ||| FLEEEEING.
  2972 | D:4      | 2972 ||| FLEEEEING.
  2973 | D:4      | 2973 ||| FLEEEEING.
  2974 | D:4      | 2974 ||| FLEEEEING.
  2984 | D:4      | 2984 ||| FLEEEEING.
  2985 | D:4      | 2985 ||| FLEEEEING.
  2986 | D:4      | 2986 ||| FLEEEEING.
  2988 | D:4      | 2988 ||| FLEEEEING.
  2989 | D:4      | 2989 ||| FLEEEEING.
  2990 | D:4      | 2990 ||| FLEEEEING.
  2991 | D:4      | 2991 ||| FLEEEEING.
  2992 | D:4      | 2992 ||| FLEEEEING.
  2995 | D:4      | 2995 ||| FLEEEEING.
  2998 | D:4      | 2998 ||| FLEEEEING.
  2999 | D:4      | 2999 ||| FLEEEEING.
  3001 | D:4      | 3001 ||| STAIRDANCE
  3054 | D:4      | 3054 ||| STAIRDANCE
  3097 | D:4      | Reached skill level 6 in Axes
  3247 | D:4      | Found a transporter.
  3335 | D:4      | Found a glowing silver altar of Zin.
  3337 | D:4      | Found a hide-covered altar of Uskayaw.
  3345 | D:4      | Found a shimmering blue altar of Sif Muna.
  3351 | D:4      | Found a bloodstained altar of Trog.
  3357 | D:4      | Found a burning altar of Makhleb.
  3360 | D:4      | Found a stormy altar of Qazlal.
  3534 | D:4      | 3534 ||| Stepping ~*~*~tactically~*~*~ (hiding).
  3538 | D:4      | 3538 ||| Stepping ~*~*~tactically~*~*~ (hiding).
  3681 | D:4      | 3681 ||| Stepping ~*~*~tactically~*~*~ (stealth).
  3807 | D:4      | 3807 ||| Stepping ~*~*~tactically~*~*~ (stealth).
  3809 | D:4      | 3809 ||| Stepping ~*~*~tactically~*~*~ (hiding).
  3815 | D:4      | Reached XP level 6. HP: 35/35 MP: 10/10
  3975 | D:4      | Found a transporter.
  4083 | D:4      | 4083 ||| READING scroll labelled IHANARATUAN.
  4125 | D:5      | Entered Level 5 of the Dungeon
  4151 | D:5      | 4151 ||| Stepping ~*~*~tactically~*~*~ (stealth).
  4153 | D:5      | 4153 ||| Stepping ~*~*~tactically~*~*~ (hiding).
  4162 | D:5      | Reached skill level 7 in Axes
  4418 | D:5      | Noticed a water moccasin
  4430 | D:5      | Killed a water moccasin
  4431 | D:5      | Reached skill level 3 in Fighting
  4431 | D:5      | Reached XP level 7. HP: 41/41 MP: 11/11
  4447 | D:5      | Noticed Eustachio
  4463 | D:5      | Killed Eustachio
  4466 | D:5      | Reached skill level 8 in Axes
  4568 | D:5      | Reached skill level 3 in Armour
  4906 | D:5      | Found a runed translucent door.
  4907 | D:5      | Noticed Crazy Yiuf
  4910 | D:5      | 4910 ||| READING scroll labelled MEWODA NOFICKIO.
  4911 | D:5      | 4911 ||| READING scroll labelled OBU MI PIU.
  4912 | D:5      | 4912 ||| READING 3 scrolls of identify.
  4912 | D:5      | 4912 ||| IDENTIFYING grey potion
  4913 | D:5      | 4913 ||| READING 2 scrolls of identify.
  4913 | D:5      | 4913 ||| IDENTIFYING bubbling blue potion
  4914 | D:5      | 4914 ||| DROPPING potion of invisibility.
  4915 | D:5      | 4915 ||| DROPPING potion of degeneration.
  4916 | D:5      | 4916 ||| Stepping randomly (stuck).
  4917 | D:5      | 4917 ||| Stepping ~*~*~tactically~*~*~ (cloud).
  5214 | D:6      | Reached XP level 8. HP: 46/46 MP: 12/12
  5260 | D:6      | 5260 ||| Stepping ~*~*~tactically~*~*~ (stealth).
  5262 | D:6      | 5262 ||| Stepping ~*~*~tactically~*~*~ (hiding).
  5264 | D:6      | 5264 ||| Stepping ~*~*~tactically~*~*~ (hiding).
  5265 | D:6      | 5265 ||| Stepping ~*~*~tactically~*~*~ (hiding).
  5478 | D:6      | Found a staircase to the Ecumenical Temple.
  5479 | D:6      | 5479 ||| PLANNING TEMPLE
  5479 | D:6      | 5479 ||| DRINKING 2 clear potions.
  5488 | Temple   | Entered the Ecumenical Temple
  5725 | Temple   | Became a worshipper of Warmaster Okawaru
  5988 | Temple   | 5988 ||| PLANNING D:1-11
  6046 | D:6      | Noticed Edmund
  6066 | D:6      | Killed Edmund
  6067 | D:6      | Reached skill level 9 in Axes
  6069 | D:6      | 6069 ||| Stepping ~*~*~tactically~*~*~ (stealth).
  6169 | D:6      | 6169 ||| Stepping ~*~*~tactically~*~*~ (stealth).
  6184 | D:6      | 6184 ||| FLEEEEING.
  6303 | D:6      | Found an ornate altar of the Wu Jian Council.
  6324 | D:6      | 6324 ||| Stepping ~*~*~tactically~*~*~ (hiding).
  6326 | D:6      | 6326 ||| Stepping ~*~*~tactically~*~*~ (hiding).
  6329 | D:6      | Reached * piety under Okawaru
  6417 | D:6      | Reached skill level 1 in Invocations
  6464 | D:6      | Noticed Grinder
  6464 | D:6      | 6464 ||| Stepping ~*~*~tactically~*~*~ (stealth).
  6467 | D:6      | 6467 ||| Stepping ~*~*~tactically~*~*~ (hiding).
  6468 | D:6      | 6468 ||| INVOKING Heroism.
  6473 | D:6      | Killed Grinder
  6473 | D:6      | Noticed Pikel
  6485 | D:6      | Killed Pikel
  6485 | D:6      | Reached ** piety under Okawaru
  6486 | D:6      | Reached skill level 10 in Axes
  6486 | D:6      | Reached skill level 3 in Invocations
  6486 | D:6      | Reached XP level 9. HP: 37/52 MP: 11/13
  6691 | D:6      | Found an ancient bone altar of Kikubaaqudgha.
  6799 | D:6      | 6799 ||| UPGRADING to ring of see invisible.
  6800 | D:6      | 6800 ||| READING 2 scrolls of identify.
  6800 | D:6      | 6800 ||| IDENTIFYING bubbling emerald potion
  6829 | D:7      | 6829 ||| INVOKING Heroism.
  6837 | D:7      | Reached skill level 3 in Dodging
  6847 | D:7      | HP: 4/54 [orc priest/divine providence (14)]
  6848 | D:7      | 6848 ||| DRINKING potion of heal wounds.
  6850 | D:7      | 6850 ||| FLEEEEING.
  6851 | D:7      | 6851 ||| FLEEEEING.
  6852 | D:7      | 6852 ||| FLEEEEING.
  6854 | D:7      | 6854 ||| FLEEEEING.
  6855 | D:7      | 6855 ||| STAIRDANCE
  7128 | D:7      | 7128 ||| INVOKING Heroism.
  7229 | D:7      | 7229 ||| INVOKING Heroism.
  7251 | D:7      | 7251 ||| Stepping ~*~*~tactically~*~*~ (stealth).
  7373 | D:7      | Reached skill level 11 in Axes
  7398 | D:7      | Reached skill level 3 in Throwing
  7476 | D:7      | 7476 ||| Stepping ~*~*~tactically~*~*~ (stealth).
  7478 | D:7      | 7478 ||| Stepping ~*~*~tactically~*~*~ (stealth).
  7480 | D:7      | 7480 ||| INVOKING Heroism.
  7485 | D:7      | 7485 ||| Stepping ~*~*~tactically~*~*~ (stealth).
  7587 | D:7      | Noticed a boulder beetle
  7588 | D:7      | 7588 ||| INVOKING Heroism.
  7600 | D:7      | Reached *** piety under Okawaru
  7600 | D:7      | HP: 3/54 [boulder beetle (14)]
  7601 | D:7      | 7601 ||| DRINKING potion of heal wounds.
  7603 | D:7      | Annihilated by a boulder beetle

Levels and vault maps discovered:
D:1:      dpeg_arrival_leaves_temple_mockup, layout_basic, serial_shops, shop,
          lemuel_flame_loot_1
D:2:      layout_rooms, basic_altar
D:3:      layout_loops_cross, minmay_misc_feat_doors, minmay_cut_off
D:4:      gammafunk_cloud_chamber, layout_loops_corners,
          nicolae_overflow_hallway_of_the_gods, serial_park_tiny_2,
          nicolae_shop_self_help
D:5:      minmay_evil_eye, layout_loops_ring, uniq_eustachio,
          uniq_crazy_yiuf_cottage
D:6:      layout_basic, mainiacjoe_overflow_alcove_2, mainiacjoe_overflow_paths,
          minmay_temple_entry_glassed_door, uniq_edmund, uniq_grinder,
          uniq_pikel
D:7:      cheibrodos_barr_body, layout_cave_pools
Temple:   jpeg_temple_island

Skill      XL: |  1  2  3  4  5  6  7  8  9 |
---------------+----------------------------+-----
Axes           | 3 4 5 6 7 8 10 11 | 11.6
Armour         | 2 3 4 |  4.1
Fighting       | 3 4 5 |  5.1
Throwing       | 2 3 |  3.1
Invocations    | 3 4 |  4.0
Dodging        | 3 |  3.1
Spellcasting   | |  2.0
Translocations | |  2.4

Action                   |  1- 3 |  4- 6 |  7- 9 || total
-------------------------+-------+-------+-------++-------
Melee: Hand axe          |   106 |    21 |       ||   127
       Kick              |    24 |    18 |    50 ||    92
       Peck              |     6 |     9 |    33 ||    48
       War axe           |       |    41 |   194 ||   235
       Punch             |       |       |     7 ||     7
Throw: Boomerang         |     7 |    10 |       ||    17
       Javelin           |       |     2 |    17 ||    19
Invok: Heroism           |       |       |     6 ||     6
  Use: Scroll            |     8 |     3 |     5 ||    16
       Potion            |       |       |     3 ||     3
Armor: Leather armour    |    19 |       |       ||    19
       Ring mail         |    23 |     2 |       ||    25
       Chain mail        |       |    25 |    64 ||    89
Dodge: Dodged            |    53 |    26 |    55 ||   134

Table legend:
 A = Non-vault XP
 B = Vault XP
 C = Vault XP percentage of total XP
 D = Non-vault monster count
 E = Vault monster count
 F = Vault count percentage of total count
                 A         B        C        D         E       F
            +---------+---------+-------+---------+---------+-------
      Total |    2213 |    2238 |  50.3 |     113 |      21 |  15.7
            +---------+---------+-------+---------+---------+-------
        D:1 |      32 |       0 |   0.0 |      24 |       0 |   0.0
        D:2 |      21 |       0 |   0.0 |      12 |       0 |   0.0
        D:3 |      39 |       2 |   4.9 |      15 |       1 |   6.2
        D:4 |     281 |       0 |   0.0 |      19 |       0 |   0.0
        D:5 |     470 |     333 |  41.5 |       7 |       6 |  46.2
        D:6 |     690 |    1086 |  61.1 |      16 |       3 |  15.8
        D:7 |     680 |     817 |  54.6 |      20 |      11 |  35.5
            +---------+---------+-------+---------+---------+-------
